 Dungeon Crawl Stone Soup version 0.28.0-45-g0d030f2227 (webtiles) character file.

Game seed: 7504052535112007689

1 prikolics the Covert (level 1, -1/23 HPs)
             Began as a Gnoll Delver on Apr 19, 2022.
             Slain by an orc
             ... wielding a +0 hand axe
              (2 damage)
             ... on level 4 of the Dungeon.
             The game lasted 00:03:47 (270 turns).

prikolics the Covert (Gnoll Delver)                  Turns: 270, Time: 00:03:47

Health: -1/23      AC:  3    Str: 11    XL:     1   Next: 20%
Magic:  1/1        EV: 13    Int:  9    God:
Gold:   13         SH:  0    Dex: 13    Spells: 0/0 levels left

rFire   . . .      SeeInvis .   a - +0 spear
rCold   . . .      Faith    .   (no shield)
rNeg    . . .      Spirit   .   b - +0 leather armour
rPois   .          Reflect  .   (no helmet)
rElec   .          Harm     .   (no cloak)
rCorr   .          Rampage  .   (no gloves)
Will    .....                   (no boots)
Stlth   ++++......              (no amulet)
HPRegen 0.07/turn               (no ring)
MPRegen 0.07/turn               (no ring)

@: hasted, very quick
A: fangs 1, strong nose, distributed training
a: no special abilities


You were on level 4 of the Dungeon.
You visited 1 branch of the dungeon, and saw 3 of its levels.

You collected 13 gold pieces.

Inventory:

Hand Weapons
 a - a +0 spear (weapon)
Missiles
 i - 2 poisoned darts (quivered)
Armour
 b - a +0 leather armour (worn)
Wands
 g - a wand of digging (3)
Scrolls
 c - a scroll of fog
 d - a scroll of magic mapping


   Skills:
 + Level 6.4 Fighting
 + Level 0.0 Short Blades
 + Level 0.0 Long Blades
 + Level 0.0 Axes
 + Level 0.0 Maces & Flails
 + Level 4.4 Polearms
 + Level 0.0 Staves
 + Level 0.0 Slings
 + Level 0.0 Bows
 + Level 0.0 Crossbows
 + Level 0.0 Throwing
 + Level 0.0 Armour
 + Level 4.4 Dodging
 + Level 9.5 Stealth
 + Level 0.0 Shields
 + Level 0.0 Unarmed Combat
 + Level 0.0 Spellcasting
 + Level 0.0 Conjurations
 + Level 0.0 Hexes
 + Level 0.0 Summonings
 + Level 0.0 Necromancy
 + Level 0.0 Translocations
 + Level 0.0 Transmutations
 + Level 0.0 Fire Magic
 + Level 0.0 Ice Magic
 + Level 0.0 Air Magic
 + Level 0.0 Earth Magic
 + Level 0.0 Poison Magic
 + Level 0.0 Invocations
 + Level 0.0 Evocations


You couldn't memorise any spells.
You didn't know any spells.
Your spell library was empty.

Dungeon Overview and Level Annotations

Branches:
Dungeon (6/15)
 Temple: D:4-7

Altars:


Innate Abilities, Weirdness & Mutations

You have very sharp teeth.
Your uncanny sense of smell can sniff out nearby items.
Your experience applies equally to all skills.


Message History

There is an escape hatch in the ceiling here.
The phantom hits you but does no damage.
A mysterious force pulls you upwards. The hatch slams shut behind you.
Found a stone staircase leading down.
Found 9 gold pieces.
Found a scroll labelled JIRPHE MEXAF.
Found a war axe.
An orc wizard comes into view. It is wielding a +0 dagger.
Found 9 gold pieces.
An orc comes into view. It is wielding a +0 hand axe.
An orc comes into view. It is wielding a +0 dagger of venom.
Found a stone staircase leading up.
The orc shouts! x2; The orc wizard shouts!
The orc barely misses you.
The orc wizard mumbles some strange words.
The orc wizard flickers and vanishes!
Deactivating autopickup; reactivate with Ctrl-A.
Found a potion of haste.
The phantom barely misses you.
The orc hits you with a +0 dagger of venom.
You are lethally poisoned!
You see here a potion of haste.
You feel very sick.
You feel sick. The orc barely misses you.
* * * LOW HITPOINT WARNING * * *
You feel sick. The orc misses you.
* * * LOW HITPOINT WARNING * * *
You feel sick.
* * * LOW HITPOINT WARNING * * *
You feel sick.
* * * LOW HITPOINT WARNING * * *
You feel sick.
* * * LOW HITPOINT WARNING * * *
You feel sick.
You feel yourself speed up.
* * * LOW HITPOINT WARNING * * *
You feel sick.
You are no longer poisoned.
The orc hits you with a +0 hand axe.
You die...

.# #......# .#
#......# #......#
#......# #......# ∆
#......# #......##
#...!...######.#
#......W.o@....#
#........o######
#####...####......##
..............$.....
# ###...######......#
#.##..#.###.......###
..................#
#.##.##.##...........
#.........)#.....#..#


You could see a phantom and 2 orcs.

Vanquished Creatures
  A goblin (D:4)
1 creature vanquished.

Notes
Turn   | Place    | Note
-------+----------+-------------------------------------------
     0 | D:5      | Reached skill level 9 in Stealth
     0 | D:5      | prikolics the Gnoll Delver began the quest for the Orb.
     0 | D:5      | Reached XP level 1. HP: 23/23 MP: 1/1
    37 | D:5      | Noticed a necrophage
    75 | D:6      | Noticed an orc wizard
   115 | D:5      | Noticed an orc priest
   115 | D:5      | Noticed an orc wizard
   116 | D:5      | Noticed an orc warrior
   200 | D:5      | Noticed a phantom
   214 | D:5      | Noticed an iguana
   249 | D:4      | Noticed an orc wizard
   269 | D:4      | HP: 1/23 [poisoned by an orc]
   270 | D:4      | Slain by an orc

Illustrated notes

Levels and vault maps discovered:
D:4:      layout_rooms, guppyfry_shop_venom
D:5:      layout_basic, grunt_decor_arrowhead, guppyfry_early_orc_mine
D:6:      layout_rooms, minmay_temple_entry_waves, kennysheep_small_square

Skill      XL: | |
---------------+-+-----
Stealth        | |  9.5
Fighting       | |  6.4
Polearms       | |  4.4
Dodging        | |  4.4

Action                   || total
-------------------------++-------
Melee: Spear             ||     2
  Use: Scroll            ||     3
       Potion            ||     1
 Stab: Sleeping          ||     1
Armor: Leather armour    ||     1
Dodge: Dodged            ||     4
